[Event "18th Charleroi Open-A 2019"]
[Site "Charleroi"]
[Date "2019.07.28"]
[Round "2.14"]
[White "Ramacker, Quinten"]
[Black "Hoffmeister, Frank"]
[Result "0-1"]
[ECO "C01"]
[WhiteElo "2006"]
[BlackElo "2187"]
[Annotator "NA"]
[PlyCount "85"]
[EventDate "2019.07.22"]
[EventType "swiss"]
[EventCountry "BEL"]
[SourceTitle "playchess.com"]
[Source "ChessBase"]
[SourceQuality "1"]
[TimeControl "40/5400+30:1800+30"]

1. e4 e6 2. d4 d5 3. Bd3 dxe4 4. Bxe4 Nf6 5. Bf3 Nc6 6. Be3 Bd6 7. Nc3 O-O 8. Nge2 e5 9. O-O Bg4 10. d5 Bxf3 11. gxf3 Ne7 12. Bg5 Ng6 13. Ng3 h6 14. Be3 Bb4 15. Nge4 Bxc3 16. Nxc3 Qd7 17. Ne4 Nxd5 18. c4 Qh3 19. Kh1 Nh4 20. Rg1 Nxe3 21. fxe3 Rad8 22. Qe2 Qxf3+ 23. Qxf3 Nxf3 24. Rg3 Nh4 25. Rag1 g6 26. Nf6+ Kg7 27. Nh5+ Kh7 28. Nf6+ Kg7 29. Nh5+ Kh8 30. Rh3 g5 31. Nf6 Rd6 32. Ng4 e4 33. c5 Re6 34. Rd1 f5 35. Nf2 Rf7 36. Rd8+ Kg7 37. Nd1 Ree7 38. Nc3 Rd7 39. Ra8 Rd2 40. Rxa7 Rxb2 41. Rg3 Rc2 42. Ra3 Nf3 43. Nb1 0-1

[Event "18th Charleroi Open-A 2019"]
[Site "Charleroi"]
[Date "2019.07.28"]
[Round "2.17"]
[White "Duhayon, Yves"]
[Black "Godde, Matthias"]
[Result "0-1"]
[ECO "E97"]
[WhiteElo "2132"]
[BlackElo "1989"]
[Annotator "NA"]
[PlyCount "26"]
[EventDate "2019.07.22"]
[EventType "swiss"]
[EventCountry "BEL"]
[SourceTitle "playchess.com"]
[Source "ChessBase"]
[SourceQuality "1"]
[TimeControl "40/5400+30:1800+30"]

1. d4 Nf6 2. c4 g6 3. Nc3 Bg7 4. e4 d6 5. Nf3 O-O 6. Be2 e5 7. O-O Nc6 8. d5 Ne7 9. Bg5 Nh5 10. Ne1 Nf4 11. Nd3 Nxe2+ 12. Qxe2 h6 13. Bd2 g5 0-1

[Event "18th Charleroi Open-A 2019"]
[Site "Charleroi"]
[Date "2019.07.28"]
[Round "2.23"]
[White "Van Mechelen, Jan"]
[Black "Zamparo, Sergio"]
[Result "1-0"]
[ECO "B07"]
[WhiteElo "2218"]
[BlackElo "2031"]
[Annotator "NA RC"]
[PlyCount "68"]
[EventDate "2019.07.22"]
[EventType "swiss"]
[EventCountry "BEL"]
[SourceTitle "playchess.com"]
[Source "ChessBase"]
[SourceQuality "1"]
[TimeControl "40/5400+30:1800+30"]

1. e4 d6 2. d4 Nf6 3. Nc3 e5 4. Nge2 Be7 5. g3 O-O 6. Bg2 Nbd7 7. O-O c6 8. a4 a5 9. h3 Re8 10. Be3 exd4 11. Bxd4 Nc5 12. g4 Be6 13. f4 Nfd7 14. b3 f6 15. Ng3 Qc7 16. Kh1 Rad8 17. Qf3 Nb6 18. Qf2 Nbd7 19. Rae1 Na6 20. Nh5 Rf8 21. Nd1 Nb4 22. Ne3 Rde8 23. Rg1 g6 24. Ng3 d5 25. exd5 Nxd5 26. Nxd5 Bxd5 27. Bxd5+ cxd5 28. Qg2 Qc6 29. f5 Bc5 30. Rd1 Bxd4 31. Rxd4 Nb6 32. fxg6 hxg6 33. Nf5 Kh7 34. Qf2 g5 1-0

[Event "18th Charleroi Open-A 2019"]
[Site "Charleroi"]
[Date "2019.07.28"]
[Round "2.25"]
[White "Guion, Geoffrey"]
[Black "Ghyselen, Wouter"]
[Result "0-1"]
[ECO "C41"]
[WhiteElo "2006"]
[BlackElo "2078"]
[Annotator "NA RC"]
[PlyCount "89"]
[EventDate "2019.07.22"]
[EventType "swiss"]
[EventCountry "BEL"]
[SourceTitle "playchess.com"]
[Source "ChessBase"]
[SourceQuality "1"]
[TimeControl "40/5400+30:1800+30"]

1. e4 d6 2. d4 Nf6 3. Nc3 e5 4. Nf3 Nbd7 5. Bc4 Be7 6. a4 O-O 7. h3 c6 8. O-O a5 9. Re1 Nb6 10. Bb3 Nfd7 11. dxe5 dxe5 12. Be3 Qc7 13. Nd2 Nc5 14. Nc4 Nbd7 15. Ba2 Ne6 16. Qd2 Ndc5 17. Rad1 Rd8 18. Qc1 Nd4 19. f4 Bf6 20. Nxe5 Bxe5 21. fxe5 Qxe5 22. Bf4 Qh5 23. Qe3 Nce6 24. g4 Qg6 25. Be5 Nxc2 26. Rxd8+ Nxd8 27. Qd2 Bxg4 28. Qxc2 Bxh3+ 29. Kh1 Bg4 30. Qg2 Ne6 31. Bxe6 Qxe6 32. Bf4 Rd8 33. Qg3 h5 34. Qe3 Qb3 35. Qf2 Rd3 36. Re3 Rd4 37. Bc7 Rd7 38. Be5 Qb4 39. Bf4 Qb6 40. Re2 Qd8 41. Rd2 Rxd2 42. Bxd2 Qd3 43. Be3 b5 44. axb5 cxb5 45. Bb6 0-1

[Event "18th Charleroi Open-A 2019"]
[Site "Charleroi"]
[Date "2019.07.28"]
[Round "2.26"]
[White "Van Uytven, Eric"]
[Black "De Weird, Matthias"]
[Result "1-0"]
[ECO "E18"]
[WhiteElo "2071"]
[BlackElo "2009"]
[Annotator "NA RC"]
[PlyCount "39"]
[EventDate "2019.07.22"]
[EventType "swiss"]
[EventCountry "BEL"]
[SourceTitle "playchess.com"]
[Source "ChessBase"]
[SourceQuality "1"]
[TimeControl "40/5400+30:1800+30"]

1. d4 Nf6 2. Nf3 b6 3. g3 Bb7 4. Bg2 e6 5. O-O Be7 6. c4 O-O 7. Nc3 d5 8. Ne5 Nbd7 9. Qa4 Nxe5 10. dxe5 Ne4 11. cxd5 Nxc3 12. bxc3 exd5 13. c4 c6 14. cxd5 cxd5 15. Rd1 Qc7 16. Bf4 g5 17. Rac1 Qb8 18. Bxg5 Bxg5 19. Qg4 h6 20. f4 1-0

[Event "18th Charleroi Open-A 2019"]
[Site "Charleroi"]
[Date "2019.07.28"]
[Round "2.27"]
[White "Callier, Christophe"]
[Black "Hafner, Christian"]
[Result "1/2-1/2"]
[ECO "E62"]
[WhiteElo "1986"]
[BlackElo "2071"]
[Annotator "NA RC"]
[PlyCount "131"]
[EventDate "2019.07.22"]
[EventType "swiss"]
[EventCountry "BEL"]
[SourceTitle "playchess.com"]
[Source "ChessBase"]
[SourceQuality "1"]
[TimeControl "40/5400+30:1800+30"]

1. d4 Nf6 2. c4 g6 3. Nc3 Bg7 4. e4 d6 5. g3 O-O 6. Bg2 Nc6 7. Nf3 Bg4 8. Be3 e5 9. d5 Nd4 10. h3 Bxf3 11. Bxf3 Nd7 12. Nb5 Nxf3+ 13. Qxf3 a6 14. Nc3 f5 15. Qe2 f4 16. Bd2 c5 17. Qg4 Rf7 18. h4 Qf6 19. O-O-O h6 20. Rdf1 Nf8 21. Qe2 Qe7 22. Kc2 Qd7 23. Rb1 Rc8 24. f3 Qc7 25. g4 Nd7 26. Kd1 Bf8 27. h5 g5 28. Ke1 Be7 29. Kf2 Bd8 30. Rhc1 Nf6 31. Rg1 Qd7 32. b3 Ba5 33. Na4 Bxd2 34. Qxd2 Qc7 35. Qd3 Rb8 36. Nc3 Qc8 37. a4 b6 38. Ra1 Rfb7 39. Qe2 Qd7 40. Ra2 Ne8 41. Rga1 Nc7 42. Rc1 Kf7 43. Rcc2 Ke7 44. Qd1 Kd8 45. Qa1 Ne8 46. Qd1 Ke7 47. Rab2 Nf6 48. Qg1 Rg8 49. Ke1 Qc7 50. Kd1 Ra8 51. Ra2 Kd8 52. Qg2 Qd7 53. Qe2 Ne8 54. Rc1 Nc7 55. Rca1 Kc8 56. Qd3 Kb8 57. Qc2 Rba7 58. Qe2 Rb7 59. Qd3 Raa7 60. Qe2 Kc8 61. Qc2 Rb8 62. Qe2 Rab7 63. Rc2 b5 64. axb5 axb5 65. Rca2 bxc4 66. bxc4 1/2-1/2

[Event "18th Charleroi Open-A 2019"]
[Site "Charleroi"]
[Date "2019.07.28"]
[Round "2.28"]
[White "Barbier, Wim"]
[Black "Verhalle, Elias"]
[Result "1-0"]
[ECO "A29"]
[WhiteElo "2068"]
[BlackElo "1983"]
[Annotator "NA RC"]
[PlyCount "34"]
[EventDate "2019.07.22"]
[EventType "swiss"]
[EventCountry "BEL"]
[SourceTitle "playchess.com"]
[Source "ChessBase"]
[SourceQuality "1"]
[TimeControl "40/5400+30:1800+30"]

1. Nf3 Nc6 2. c4 e5 3. Nc3 Nf6 4. g3 Nd4 5. Bg2 Nxf3+ 6. Bxf3 Bb4 7. Bg2 O-O 8. O-O Re8 9. e4 h6 10. d3 d6 11. h3 Bc5 12. Kh2 c6 13. f4 a6 14. Qf3 Kh7 15. g4 exf4 16. Bxf4 Re6 17. g5 Ng8 1-0

[Event "18th Charleroi Open-A 2019"]
[Site "Charleroi"]
[Date "2019.07.28"]
[Round "2.29"]
[White "Van Doren, Bas"]
[Black "Boucquet, Emile"]
[Result "0-1"]
[ECO "B94"]
[WhiteElo "1976"]
[BlackElo "2064"]
[Annotator "NA RC"]
[PlyCount "40"]
[EventDate "2019.07.22"]
[EventType "swiss"]
[EventCountry "BEL"]
[SourceTitle "playchess.com"]
[Source "ChessBase"]
[SourceQuality "1"]
[TimeControl "40/5400+30:1800+30"]

1. e4 c5 2. Nf3 d6 3. d4 Nf6 4. Nc3 cxd4 5. Nxd4 a6 6. Bg5 Nbd7 7. Qe2 b5 8. f4 Bb7 9. e5 b4 10. exf6 bxc3 11. fxe7 Bxe7 12. O-O-O cxb2+ 13. Kb1 Nc5 14. Nf5 Ne4 15. Qe3 Qa5 16. Rd3 Qxf5 17. Bxe7 Kxe7 18. g4 Qc5 19. Rd4 Rhe8 20. Bd3 Kf8 0-1

[Event "18th Charleroi Open-A 2019"]
[Site "Charleroi"]
[Date "2019.07.28"]
[Round "2.30"]
[White "Butzen, Robin"]
[Black "Dugailliez, Guy"]
[Result "1-0"]
[ECO "D14"]
[WhiteElo "1967"]
[BlackElo "2063"]
[Annotator "NA RC"]
[PlyCount "117"]
[EventDate "2019.07.22"]
[EventType "swiss"]
[EventCountry "BEL"]
[SourceTitle "playchess.com"]
[Source "ChessBase"]
[SourceQuality "1"]
[TimeControl "40/5400+30:1800+30"]

1. d4 d5 2. c4 c6 3. cxd5 cxd5 4. Nc3 Nf6 5. Bf4 Bf5 6. Qb3 Qb6 7. Qxb6 axb6 8. e3 Nc6 9. Nf3 e6 10. Bb5 Nd7 11. Nh4 Bg6 12. O-O f6 13. Nxg6 hxg6 14. Rfc1 g5 15. Bg3 f5 16. Ne2 Rc8 17. Rc2 Nf6 18. a4 Bb4 19. Nc1 Ke7 20. Nd3 Bd6 21. Bxd6+ Kxd6 22. Rac1 Na7 23. Ne5 Rxc2 24. Rxc2 Rf8 25. Bd3 Nc6 26. Nxc6 bxc6 27. b3 Nd7 28. h3 e5 29. Kf1 f4 30. Ke1 fxe3 31. fxe3 exd4 32. exd4 Rf4 33. Rf2 Rxd4 34. Bc2 Rf4 35. Re2 Ne5 36. Kd2 c5 37. Bb1 d4 38. Bd3 Kd5 39. Ba6 Kd6 40. Bd3 g4 41. hxg4 Nxg4 42. Be4 Ne3 43. Kd3 Rf1 44. Rb2 Ke5 45. Bb7 Kf4 46. Bc6 Kg3 47. Bb7 Rf2 48. Rb1 Nxg2 49. Bxg2 Kxg2 50. b4 Ra2 51. a5 Ra4 52. axb6 Ra3+ 53. Kc4 Rc3+ 54. Kb5 c4 55. b7 d3 56. b8=Q Rc2 57. Qb7+ Kf2 58. Qf7+ Ke3 59. Qe7+ 1-0

[Event "18th Charleroi Open-A 2019"]
[Site "Charleroi"]
[Date "2019.07.28"]
[Round "2.31"]
[White "Uhoda, Philippe"]
[Black "Watelet, Sylvain"]
[Result "1-0"]
[ECO "B07"]
[WhiteElo "2062"]
[BlackElo "1961"]
[Annotator "NA RC"]
[PlyCount "75"]
[EventDate "2019.07.22"]
[EventType "swiss"]
[EventCountry "BEL"]
[SourceTitle "playchess.com"]
[Source "ChessBase"]
[SourceQuality "1"]
[TimeControl "40/5400+30:1800+30"]

1. d4 d6 2. e4 Nf6 3. Nc3 Nbd7 4. g4 h6 5. h3 e5 6. Bg2 c6 7. Nge2 g6 8. Be3 b5 9. a3 Qa5 10. O-O Be7 11. Qd2 h5 12. g5 Nh7 13. h4 O-O 14. Nd5 Bd8 15. Qxa5 Bxa5 16. Ne7+ Kg7 17. Bh3 Nb6 18. Bxc8 Nxc8 19. Nxc6 Bb6 20. dxe5 dxe5 21. Bxb6 Nxb6 22. Nxe5 Rfe8 23. f4 Nc4 24. Nxc4 Rxe4 25. Nd6 Rxe2 26. f5 Rd8 27. Rad1 Kg8 28. fxg6 fxg6 29. Nxb5 Rxd1 30. Rxd1 Rxc2 31. Rd8+ Kg7 32. Rd7+ Kg8 33. b4 a6 34. Nc7 Rc6 35. Nd5 Re6 36. Ra7 Rd6 37. Nc7 Rd7 38. Ra8+ 1-0

[Event "18th Charleroi Open-A 2019"]
[Site "Charleroi"]
[Date "2019.07.28"]
[Round "2.32"]
[White "Van Haelst, Raymond"]
[Black "Vanden Bussche, Steven"]
[Result "1-0"]
[ECO "D13"]
[WhiteElo "1947"]
[BlackElo "2061"]
[Annotator "NA"]
[PlyCount "56"]
[EventDate "2019.07.22"]
[EventType "swiss"]
[EventCountry "BEL"]
[SourceTitle "playchess.com"]
[Source "ChessBase"]
[SourceQuality "1"]
[TimeControl "40/5400+30:1800+30"]

1. d4 d5 2. Nf3 Nf6 3. c4 c6 4. cxd5 cxd5 5. Nc3 Nc6 6. Bf4 e6 7. Ne5 Qb6 8. Nxc6 bxc6 9. Rb1 Ba6 10. a3 Be7 11. Na4 Qb7 12. Qc2 Nd7 13. f3 O-O 14. b4 f6 15. e3 Bxf1 16. Rxf1 e5 17. Bg3 Qa6 18. Kf2 Rac8 19. Qb3 exd4 20. exd4 f5 21. Kg1 Bf6 22. Rbd1 Nb6 23. Nb2 Rfe8 24. a4 Kh8 25. Qd3 Qxd3 26. Rxd3 Re2 27. Rf2 Rce8 28. Kf1 R2e6 1-0

[Event "18th Charleroi Open-A 2019"]
[Site "Charleroi"]
[Date "2019.07.28"]
[Round "2.33"]
[White "Oupindrin, Narayanin"]
[Black "Moerman, Thomas"]
[Result "0-1"]
[ECO "B49"]
[WhiteElo "2056"]
[BlackElo "1931"]
[Annotator "NA"]
[PlyCount "80"]
[EventDate "2019.07.22"]
[EventType "swiss"]
[EventCountry "BEL"]
[SourceTitle "playchess.com"]
[Source "ChessBase"]
[SourceQuality "1"]
[TimeControl "40/5400+30:1800+30"]

1. e4 c5 2. Nf3 e6 3. d4 cxd4 4. Nxd4 Nc6 5. Nc3 Qc7 6. Be3 a6 7. Be2 Nf6 8. O-O Bb4 9. Na4 Be7 10. Nxc6 bxc6 11. f3 Rb8 12. c4 d5 13. cxd5 exd5 14. exd5 Nxd5 15. Bf2 Bd6 16. g3 O-O 17. Bc4 h5 18. Bxd5 cxd5 19. Rc1 Qa5 20. a3 h4 21. b4 Qb5 22. Nc3 Qd7 23. Nxd5 Bb7 24. Nf4 Rfd8 25. Be3 Qe7 26. Qb3 hxg3 27. hxg3 Re8 28. Bd2 Qg5 29. Kf2 Rbd8 30. Be3 Qf5 31. Qc2 Qf6 32. Rh1 g6 33. Rce1 Rc8 34. Qd3 Be5 35. Rc1 Rcd8 36. Qc2 Bd4 37. Rce1 Bc3 38. Re2 Qc6 39. Ng2 Qxf3+ 40. Kg1 Rxe3 0-1

[Event "18th Charleroi Open-A 2019"]
[Site "Charleroi"]
[Date "2019.07.28"]
[Round "2.34"]
[White "Fischer, Julie"]
[Black "Dierckens, Sarah"]
[Result "1-0"]
[ECO "C14"]
[WhiteElo "2050"]
[BlackElo "1770"]
[Annotator "NA"]
[PlyCount "101"]
[EventDate "2019.07.22"]
[EventType "swiss"]
[EventCountry "BEL"]
[SourceTitle "playchess.com"]
[Source "ChessBase"]
[SourceQuality "1"]
[TimeControl "40/5400+30:1800+30"]

1. e4 e6 2. d4 d5 3. Nc3 Nf6 4. Bg5 Be7 5. e5 Nfd7 6. h4 a6 7. Qg4 Bxg5 8. hxg5 c5 9. g6 f5 10. exf6 Nxf6 11. Rxh7 Nxh7 12. gxh7 Qf6 13. Nxd5 exd5 14. Qxc8+ Qd8 15. Qxb7 Qe7+ 16. Qxe7+ Kxe7 17. dxc5 Rxh7 18. O-O-O Nd7 19. Nh3 Nf6 20. Be2 a5 21. Nf4 Rd8 22. Bf3 d4 23. Ne2 Nd7 24. Nxd4 Rc8 25. Re1+ Kf6 26. Re6+ Kg5 27. c6 Rh1+ 28. Kd2 Nb6 29. Kd3 Na4 30. Re5+ Kf6 31. Rf5+ Kg6 32. b3 Nb2+ 33. Kc3 Nd1+ 34. Bxd1 Rxd1 35. Rxa5 Rf1 36. f3 Rf2 37. g4 Kf6 38. b4 Rf1 39. Rf5+ Ke7 40. b5 Ra1 41. b6 Rb1 42. Re5+ Kd6 43. Re6+ Kd5 44. c7 Rd1 45. Re4 Rb1 46. Nb3 Kc6 47. Rb4 Rf1 48. Nd4+ Kb7 49. a4 Re1 50. a5 Ra1 51. Nf5 1-0

[Event "18th Charleroi Open-A 2019"]
[Site "Charleroi"]
[Date "2019.07.29"]
[Round "3.1"]
[White "Maerevoet, Sim"]
[Black "Gurevich, Mikhail"]
[Result "1/2-1/2"]
[ECO "A81"]
[WhiteElo "2321"]
[BlackElo "2587"]
[Annotator "ChessBase"]
[PlyCount "65"]
[EventDate "2019.07.22"]
[EventType "swiss"]
[EventCountry "BEL"]
[SourceTitle "playchess.com"]
[Source "ChessBase"]
[SourceQuality "1"]
[TimeControl "40/5400+30:1800+30"]

1. d4 d6 2. Nf3 g6 3. g3 Bg7 4. Bg2 f5 5. O-O Nf6 6. Nbd2 O-O 7. Re1 Nc6 8. e4 e5 9. exf5 Bxf5 10. dxe5 dxe5 11. c3 Kh8 12. Qb3 e4 13. Ng5 e3 14. Rxe3 Ng4 15. Nf7+ Rxf7 16. Qxf7 Nxe3 17. fxe3 Ne5 18. Qd5 Qxd5 19. Bxd5 Rd8 20. e4 Bh3 21. Nf1 c6 22. Bb3 Nd3 23. Bc4 b5 24. Bg5 Rd7 25. Bxd3 Rxd3 26. Kf2 Kg8 27. Be3 a6 28. Nd2 Rd8 29. Nb3 Rf8+ 30. Ke2 Bg2 31. Nc5 Re8 32. Rd1 Bf8 33. Kf2 1/2-1/2

[Event "18th Charleroi Open-A 2019"]
[Site "Charleroi"]
[Date "2019.07.29"]
[Round "3.2"]
[White "Klinova, Masha"]
[Black "Mirzoev, Azer"]
[Result "0-1"]
[ECO "B51"]
[WhiteElo "2269"]
[BlackElo "2474"]
[Annotator "ChessBase"]
[PlyCount "100"]
[EventDate "2019.07.22"]
[EventType "swiss"]
[EventCountry "BEL"]
[SourceTitle "playchess.com"]
[Source "ChessBase"]
[SourceQuality "1"]
[TimeControl "40/5400+30:1800+30"]

1. e4 c5 2. Nf3 d6 3. Bb5+ Nd7 4. O-O a6 5. Bxd7+ Bxd7 6. d4 cxd4 7. Qxd4 Rc8 8. a4 e5 9. Qd3 Qc7 10. Nc3 Be6 11. Rd1 h6 12. Be3 Nf6 13. Nd2 Be7 14. Nf1 O-O 15. a5 Qc6 16. f3 Rfd8 17. Bb6 Rd7 18. Ne3 Re8 19. Rd2 Bd8 20. Bxd8 Rdxd8 21. Ncd5 Nd7 22. b4 Nf8 23. Ra3 Qc8 24. Nb6 Qb8 25. c4 Ng6 26. Nf5 Nf4 27. Qe3 Qc7 28. g3 Nh5 29. Nh4 Nf6 30. Rc3 Qc6 31. Ng2 Nd7 32. g4 Nxb6 33. Qxb6 Qa4 34. Kf2 Rc8 35. Ne3 Qa1 36. Rcc2 Qh1 37. Kg3 Qg1+ 38. Ng2 Qxb6 39. axb6 Rc6 40. c5 dxc5 41. bxc5 Rec8 42. Ne3 Kf8 43. h4 Rxc5 44. Rxc5 Rxc5 45. Rd8+ Ke7 46. Rb8 Bc8 47. Nd5+ Kd6 48. Nc7 Rxc7 49. bxc7 Kxc7 50. Ra8 b5 0-1

[Event "18th Charleroi Open-A 2019"]
[Site "Charleroi"]
[Date "2019.07.29"]
[Round "3.3"]
[White "Gutenev, Alexander"]
[Black "Capone, Nicola"]
[Result "1-0"]
[ECO "C18"]
[WhiteElo "2470"]
[BlackElo "2297"]
[Annotator "ChessBase"]
[PlyCount "61"]
[EventDate "2019.07.22"]
[EventType "swiss"]
[EventCountry "BEL"]
[SourceTitle "playchess.com"]
[Source "ChessBase"]
[SourceQuality "1"]
[TimeControl "40/5400+30:1800+30"]

1. e4 e6 2. d4 d5 3. Nc3 Bb4 4. e5 Ne7 5. a3 Bxc3+ 6. bxc3 c5 7. Qg4 Qc7 8. Bd3 cxd4 9. Ne2 dxc3 10. Qxg7 Rg8 11. Qxh7 Qxe5 12. h4 Nd7 13. Bf4 Qf6 14. Bg5 Qg7 15. Qxg7 Rxg7 16. Nxc3 a6 17. O-O-O f6 18. Bf4 e5 19. Bh6 Rg8 20. h5 Nb6 21. Be3 d4 22. Ne4 Kf7 23. Bd2 Bf5 24. h6 Ke6 25. h7 Rh8 26. Rh6 Bxe4 27. Bxe4 Nbd5 28. g4 Kf7 29. Re1 Rad8 30. Bd3 Rd6 31. Rxe5 1-0

[Event "18th Charleroi Open-A 2019"]
[Site "Charleroi"]
[Date "2019.07.29"]
[Round "3.4"]
[White "Faybish, Nimrod"]
[Black "Lugovskoy, Maxim"]
[Result "0-1"]
[ECO "D31"]
[WhiteElo "2220"]
[BlackElo "2425"]
[Annotator "ChessBase"]
[PlyCount "94"]
[EventDate "2019.07.22"]
[EventType "swiss"]
[EventCountry "BEL"]
[SourceTitle "playchess.com"]
[Source "ChessBase"]
[SourceQuality "1"]
[TimeControl "40/5400+30:1800+30"]

1. d4 d5 2. c4 e6 3. Nc3 a6 4. cxd5 exd5 5. Nf3 c6 6. Qc2 Be7 7. Bf4 Nd7 8. e3 Ngf6 9. h3 O-O 10. Bd3 Re8 11. O-O Nf8 12. Rab1 a5 13. a3 Bd6 14. Bxd6 Qxd6 15. b4 axb4 16. axb4 b5 17. Ne5 N6d7 18. Nxd7 Bxd7 19. Ne2 g6 20. Nf4 Ra3 21. Rb3 Rea8 22. Rfb1 Ra2 23. R3b2 R2a3 24. Rb3 R3a6 25. Qc5 Qf6 26. Qc3 Bc8 27. Ne2 Ne6 28. Ng3 h5 29. f4 Ng7 30. Re1 h4 31. Nf1 Ra2 32. Bb1 R2a6 33. Nh2 Nh5 34. Ng4 Bxg4 35. hxg4 Ng3 36. g5 Qe6 37. Bc2 Ra2 38. Kh2 Qg4 39. Rb2 R8a3 40. Qxc6 Ne4 41. Rbb1 h3 42. Qe8+ Kg7 43. Qe5+ Kh7 44. Bxe4 Rxg2+ 45. Kh1 dxe4 46. Qd5 Rh2+ 47. Kxh2 Qg2# 0-1

[Event "18th Charleroi Open-A 2019"]
[Site "Charleroi"]
[Date "2019.07.29"]
[Round "3.5"]
[White "Miezis, Normunds"]
[Black "De Waele, Warre"]
[Result "1/2-1/2"]
[ECO "A22"]
[WhiteElo "2495"]
[BlackElo "2225"]
[Annotator "ChessBase"]
[PlyCount "40"]
[EventDate "2019.07.22"]
[EventType "swiss"]
[EventCountry "BEL"]
[SourceTitle "playchess.com"]
[Source "ChessBase"]
[SourceQuality "1"]
[TimeControl "40/5400+30:1800+30"]

1. c4 Nf6 2. Nc3 e5 3. g3 Bb4 4. Bg2 O-O 5. e4 Bxc3 6. dxc3 Na6 7. Qe2 Nc5 8. b4 Na4 9. Qc2 Nb6 10. c5 Nc4 11. a4 d6 12. Qe2 Be6 13. Nf3 h6 14. h4 Qd7 15. Ng5 hxg5 16. hxg5 Ng4 17. f3 dxc5 18. fxg4 Rfd8 19. Bf1 Bxg4 20. Qh2 Qd1+ 1/2-1/2

[Event "18th Charleroi Open-A 2019"]
[Site "Charleroi"]
[Date "2019.07.29"]
[Round "3.6"]
[White "Gijsen, Stief"]
[Black "Bruno, Ricardo"]
[Result "1-0"]
[ECO "B51"]
[WhiteElo "2227"]
[BlackElo "2007"]
[Annotator "NA"]
[PlyCount "47"]
[EventDate "2019.07.22"]
[EventType "swiss"]
[EventCountry "BEL"]
[SourceTitle "playchess.com"]
[Source "ChessBase"]
[SourceQuality "1"]
[TimeControl "40/5400+30:1800+30"]

1. e4 c5 2. Nf3 d6 3. Bb5+ Nc6 4. O-O Nf6 5. e5 dxe5 6. Nxe5 Qc7 7. Qf3 Qxe5 8. Bxc6+ Bd7 9. Bxd7+ Nxd7 10. Qxb7 Rb8 11. Qxa7 e6 12. Nc3 Bd6 13. g3 h5 14. d3 h4 15. Bf4 Qd4 16. Ne2 Qd5 17. Bxd6 Qxd6 18. d4 Qc6 19. Qa3 cxd4 20. Nxd4 Qe4 21. Rad1 hxg3 22. fxg3 Qh7 23. Rd2 Rc8 24. Qd6 1-0

[Event "18th Charleroi Open-A 2019"]
[Site "Charleroi"]
[Date "2019.07.29"]
[Round "3.7"]
[White "Abdullayev, Elshad"]
[Black "Moreels, Yves"]
[Result "1-0"]
[ECO "E18"]
[WhiteElo "2204"]
[BlackElo "2079"]
[Annotator "ChessBase"]
[PlyCount "99"]
[EventDate "2019.07.22"]
[EventType "swiss"]
[EventCountry "BEL"]
[SourceTitle "playchess.com"]
[Source "ChessBase"]
[SourceQuality "1"]
[TimeControl "40/5400+30:1800+30"]

1. d4 d5 2. c4 e6 3. Nf3 Nf6 4. g3 Be7 5. Bg2 O-O 6. O-O b6 7. Nc3 Bb7 8. Ne5 Na6 9. Bf4 c6 10. e4 dxc4 11. Nxc4 b5 12. Ne5 Qb6 13. a4 Rfd8 14. Be3 b4 15. Nc4 Qc7 16. Bf4 Qc8 17. e5 bxc3 18. exf6 Bxf6 19. bxc3 Qd7 20. Rb1 Rac8 21. Nd6 Rc7 22. Ne4 Be7 23. Bxc7 Qxc7 24. Qb3 Bc8 25. Qc4 h6 26. Rfd1 Bf8 27. Nd2 Nb8 28. Nf3 Ba6 29. Qa2 Nd7 30. Bf1 Qa5 31. Bxa6 Qxa6 32. Nd2 Nb6 33. a5 Nd5 34. Rdc1 c5 35. dxc5 Qe2 36. Re1 Qd3 37. Ne4 Qf3 38. c4 Nf6 39. Qe2 Qf5 40. Nxf6+ Qxf6 41. c6 Rc8 42. Qe4 Bc5 43. Re2 e5 44. Qxe5 Bxf2+ 45. Kg2 Bd4 46. Qxf6 Bxf6 47. Rb7 Rxc6 48. Rxa7 Rxc4 49. Ra2 Rc8 50. a6 1-0

[Event "18th Charleroi Open-A 2019"]
[Site "Charleroi"]
[Date "2019.07.29"]
[Round "3.8"]
[White "Godde, Matthias"]
[Black "Verheyen, Olivier"]
[Result "0-1"]
[ECO "D25"]
[WhiteElo "1989"]
[BlackElo "2200"]
[Annotator "ChessBase"]
[PlyCount "118"]
[EventDate "2019.07.22"]
[EventType "swiss"]
[EventCountry "BEL"]
[SourceTitle "playchess.com"]
[Source "ChessBase"]
[SourceQuality "1"]
[TimeControl "40/5400+30:1800+30"]

1. d4 Nf6 2. c4 c5 3. e3 cxd4 4. exd4 d5 5. Nf3 Bg4 6. Qb3 Nbd7 7. Nc3 Bxf3 8. gxf3 dxc4 9. Bxc4 e6 10. Qxb7 Be7 11. Qb3 O-O 12. O-O Rb8 13. Qd1 Nb6 14. Bb3 Nfd5 15. Kh1 Rc8 16. Rg1 Nxc3 17. bxc3 Nd5 18. Bh6 Bf6 19. c4 Ne7 20. Bg5 Nf5 21. Bxf6 Qxf6 22. d5 Rfd8 23. f4 Nd6 24. Qg4 Ne4 25. Qg2 Nc5 26. f5 exf5 27. Rac1 g6 28. Qf3 a5 29. Bc2 Kf8 30. Qa3 Qd4 31. Qe3 Qxe3 32. fxe3 Re8 33. Rge1 Rb8 34. Rb1 Rxb1 35. Bxb1 Ke7 36. Kg2 Kd6 37. Kf3 Rb8 38. h4 Rb2 39. h5 Nd7 40. hxg6 fxg6 41. e4 Ne5+ 42. Ke3 Nxc4+ 43. Kd4 Ne5 44. exf5 Rb4+ 45. Kc3 Kxd5 46. fxg6 hxg6 47. Rg1 g5 48. a3 Rc4+ 49. Kb2 Nf3 50. Rh1 Rh4 51. Rd1+ Nd4 52. Bg6 Rh2+ 53. Kc3 Rh3+ 54. Kb2 g4 55. Rg1 g3 56. Be8 Rh2+ 57. Kb1 g2 58. Kb2 Nf3 59. Rd1+ Ke5 0-1

[Event "18th Charleroi Open-A 2019"]
[Site "Charleroi"]
[Date "2019.07.29"]
[Round "3.9"]
[White "Hoffmeister, Frank"]
[Black "Verbist, Julien"]
[Result "1-0"]
[ECO "D10"]
[WhiteElo "2187"]
[BlackElo "1974"]
[Annotator "NA"]
[PlyCount "45"]
[EventDate "2019.07.22"]
[EventType "swiss"]
[EventCountry "BEL"]
[SourceTitle "playchess.com"]
[Source "ChessBase"]
[SourceQuality "1"]
[TimeControl "40/5400+30:1800+30"]

1. d4 d5 2. c4 c6 3. cxd5 cxd5 4. Nc3 Nc6 5. e4 Nf6 6. e5 Ng8 7. Be3 e6 8. Bd3 Be7 9. Qg4 g6 10. Nf3 f5 11. Qg3 Kf7 12. h4 h6 13. O-O Rh7 14. Qh3 Rg7 15. g4 Bd7 16. Kh1 h5 17. gxh5 gxh5 18. Ng5+ Bxg5 19. hxg5 Kg6 20. Ne2 Rh7 21. Nf4+ Kg7 22. g6 Rh8 23. Nxh5+ 1-0

[Event "18th Charleroi Open-A 2019"]
[Site "Charleroi"]
[Date "2019.07.29"]
[Round "3.10"]
[White "Godry, Clement"]
[Black "Decrop, Benjamin"]
[Result "1-0"]
[ECO "A18"]
[WhiteElo "1962"]
[BlackElo "2183"]
[Annotator "ChessBase"]
[PlyCount "91"]
[EventDate "2019.07.22"]
[EventType "swiss"]
[EventCountry "BEL"]
[SourceTitle "playchess.com"]
[Source "ChessBase"]
[SourceQuality "1"]
[TimeControl "40/5400+30:1800+30"]

1. c4 e6 2. Nc3 Nf6 3. e4 d5 4. e5 d4 5. exf6 dxc3 6. bxc3 Qxf6 7. d4 b6 8. Be2 Bb7 9. Bf3 Bxf3 10. Nxf3 Bd6 11. O-O O-O 12. Qd3 h6 13. Qe4 Nd7 14. a4 Qe7 15. Bd2 c5 16. a5 Rac8 17. Rfc1 Rc7 18. axb6 Nxb6 19. Qd3 Rfc8 20. d5 exd5 21. cxd5 c4 22. Qf5 Qd7 23. Qxd7 Rxd7 24. Be3 Bc5 25. Bxc5 Rxc5 26. d6 Rd5 27. Nd4 R5xd6 28. Nb5 Rd2 29. Nxa7 Rb2 30. Nc6 Rdd2 31. Rf1 Rbc2 32. Ra3 Nd5 33. Ne5 Nxc3 34. Ra8+ Kh7 35. Nxf7 Ne4 36. Rh8+ Kg6 37. Rf8 c3 38. h4 Ng3 39. Re1 Rc1 40. Ne5+ Kh7 41. Rxc1 Ne2+ 42. Kh2 Nxc1 43. h5 g5 44. hxg6+ Kg7 45. Rf7+ Kh8 46. Ng4 1-0